 Dungeon Crawl Stone Soup version 0.20-a0-760-g49f5558 (webtiles) character file.

3089 polly the Magician (level 9, -1/70 HPs)
             Began as a Grey Draconian Air Elementalist on Feb 25, 2017.
             Slain by Joseph
             ... wielding a +2 quarterstaff of draining
              (5 damage)
             ... on level 6 of the Dungeon.
             The game lasted 00:20:05 (9385 turns).

polly the Magician (DrAE)                           Turns: 9385, Time: 00:20:05

Health: -1/70      AC: 17    Str:  9 (11) XL:     9   Next: 59%
Magic:  18/18      EV: 12    Int: 20 (21) God:
Gold:   325        SH:  0    Dex: 10 (11) Spells: 14/20 levels left

rFire    + . .     SeeInvis +   F - +1 whip (flame)
rCold    . . .     Gourm    .   (armour unavailable)
rNeg     . . .     Faith    .   (no shield)
rPois    .         Spirit   .   (helmet restricted)
rElec    .         Reflect  .   c - +1 cloak
rCorr    .         Harm     .   (no gloves)
MR       .....                  G - +2 pair of boots
Stlth    +.........             (no amulet)
Regen    0.3/turn               (no ring)
MPRegen  0.2/turn               A - ring of protection from fire

@: confused, very slightly contaminated, starving, heavily drained, invisible
A: walk through water, unfitting armour, antennae 1, see invisible, clever 1,
mutation resistance 1, unbreathing, cold-blooded, AC +12
a: no special abilities


You were on level 6 of the Dungeon.
You were starving.

You visited 2 branches of the dungeon, and saw 8 of its levels.

You collected 325 gold pieces.

Inventory:

Hand Weapons
 F - a +1 whip of flaming (weapon)
Armour
 c - a +1 cloak (worn)
 G - a +2 pair of boots (worn)
Magical Staves
 E - an uncursed staff of power
Jewellery
 u - an uncursed ring of protection from cold
 A - a ring of protection from fire (left hand)
Scrolls
 e - 3 scrolls of identify
 h - 3 scrolls of teleportation
 j - a scroll of recharging {unknown}
 k - 4 scrolls of amnesia
 l - 2 scrolls of enchant weapon
 n - 3 scrolls of magic mapping
 q - 2 scrolls of enchant armour
 y - a scroll of fog {unknown}
Potions
 d - a potion of mutation
 g - a potion of lignification {unknown}
 i - a potion of ambrosia
 o - 2 potions of cancellation {unknown}
 r - a potion of heal wounds {unknown}
 s - a potion of haste {unknown}
 t - a potion of brilliance {unknown}
 v - a potion of flight {unknown}
 w - a potion of invisibility
 x - a potion of magic {unknown}
 z - 2 potions of degeneration
 C - a potion of berserk rage {unknown}
Books
 a - a book of Air

   Spells                             Type                      Level
   a - Shock                          Conjuration/Air              1
   b - Swiftness                      Charms/Air                   2
   c - Static Discharge               Conjuration/Air              3
   d - Airstrike                      Air                          4
   e - Lightning Bolt                 Conjuration/Air              5
 B - a Young Poisoner's Handbook

   Spells                             Type                      Level
   a - Sting                          Conjuration/Poison           1
   b - Poisonous Vapours              Poison/Air                   2
   c - Mephitic Cloud                 Conjuration/Poison/Air       3
   d - Olgreb's Toxic Radiance        Poison                       4
   e - Venom Bolt                     Conjuration/Poison           5
 D - a book of Misfortune

   Spells                             Type                      Level
   a - Confusing Touch                Hexes                        1
   b - Confuse                        Hexes                        3
   c - Gell's Gravitas                Translocation                3
   d - Petrify                        Transmutation/Earth          4
   e - Metabolic Englaciation         Hexes/Ice                    5
   f - Yara's Violent Unravelling     Hexes/Transmutation          5
 H - a book of Callings

   Spells                             Type                      Level
   a - Summon Small Mammal            Summoning                    1
   b - Call Imp                       Summoning                    2
   c - Call Canine Familiar           Summoning                    3
   d - Summon Guardian Golem          Hexes/Summoning              3
   e - Summon Lightning Spire         Summoning/Air                4
   f - Summon Ice Beast               Ice/Summoning                4
Comestibles
 b - 3 bread rations
 f - 3 fruits
 p - a meat ration


   Skills:
 + Level 3.3(0.7) Fighting
 + Level 4.4(1.7) Maces & Flails
 + Level 4.6(1.9) Dodging
 + Level 3.2(0.6) Stealth
 + Level 0.2(0.0) Unarmed Combat
 + Level 6.3(3.5) Spellcasting
 + Level 6.1(3.3) Conjurations
 + Level 5.6(2.9) Air Magic


You had 14 spell levels left.
You knew the following spells:

 Your Spells              Type           Power        Failure   Level  Hunger
a - Shock                 Conj/Air       ###.         3%          1    None
b - Lightning Bolt        Conj/Air       ###.......   89%         5    ######.


Dungeon Overview and Level Annotations

Branches:
Dungeon (7/15)             Temple (1/1) D:6

Altars:
Ashenzari
Cheibriados
Elyvilon
Hepliaklqana
Kikubaaqudgha
Makhleb
Nemelex Xobeh
Qazlal
Ru
Trog
Uskayaw
Vehumet
Wu Jian
Xom
The Shining One

Annotations:
D:6 Joseph


Innate Abilities, Weirdness & Mutations

You can walk through water.
Your dull iron-grey scales are very hard. (AC +12)
You cannot fit into any form of body armour.
You can survive without breathing.
You are cold-blooded and may be slowed by cold attacks.
You have a pair of small antennae on your head.
You have supernaturally acute eyesight. (SInv)
Your mind is acute. (Int +2)
You are somewhat resistant to further mutation.


Message History

Your +1 whip of flaming bursts into flame!
F - a +1 whip of flaming (weapon)
Joseph zaps a wand.
You are blasted!
* * * LOW HITPOINT WARNING * * *
You're too confused to move!
Joseph zaps a wand.
You are blasted!
* * * LOW HITPOINT WARNING * * *
You're too confused to move!
Joseph unwields an uncursed hunting sling.
Joseph wields an uncursed quarterstaff of draining.
You sense an unholy aura.
Joseph hits you but does no damage.
You feel drained.
You bump into the rock wall.
Joseph hits you with an uncursed quarterstaff of draining.
* * * LOW HITPOINT WARNING * * *
You feel drained.
* * * LOW HITPOINT WARNING * * *
You're too confused to move!
Joseph hits you with an uncursed quarterstaff of draining!
* * * LOW HITPOINT WARNING * * *
You feel drained.
You die...

........[)....#.##....[.....##
........#........##..######..###
........#............# ##...##
#####............###.# #.#...
...........#...[.....# ##.##)#
############.###..##.# ###......
.......))....# #..##.# #........
##############
#(..#.####.#..⌠...
#@#..[.....#......
#@#..÷..........>.
#.##......##......
#.(.@>.....#..⌠...
####(.............
#.......#...... #######.##.##.#
#........ #########


You could see Joseph.

Vanquished Creatures
  Pikel (D:5)
  Grinder (D:4)
  Sigmund (D:2)
  The ghost of Buffagor the Ruffian, an amateur TrMo (D:4)
  Edmund (D:4)
  Duvessa (D:6)
  An orc warrior (D:6)
  A sky beast (Temple)
  2 ice beasts
  2 ogres
  4 slaves (D:5)
  A phantom (D:4)
  2 big kobolds (D:5)
  Dowan (D:6)
  2 howler monkeys (D:4)
  A bullfrog zombie (D:5)
  Crazy Yiuf (D:4)
  10 orc priests
  A gnoll shaman (D:6)
  An iron imp (D:5)
  4 orc wizards
  5 worker ants
  8 adders
  11 gnolls
  A shadow imp (D:6)
  2 oozes
  An adder zombie (D:5)
  A dart slug (D:1)
  2 leopard geckos
  21 orcs
  2 ball pythons
  5 giant cockroaches
  9 goblins
  10 hobgoblins
  4 jackals (D:4)
  22 kobolds
  3 quokkas
  9 bats
  2 frilled lizards
  A quokka skeleton (D:4)
  13 rats
172 creatures vanquished.

Notes
Turn   | Place    | Note
-------+----------+-------------------------------------------
     0 | D:1      | polly the Draconian Air Elementalist began the quest for the Orb.
     0 | D:1      | Reached XP level 1. HP: 14/14 MP: 3/3
   427 | D:1      | Reached XP level 2. HP: 20/20 MP: 0/5
   903 | D:1      | Reached XP level 3. HP: 27/27 MP: 1/6
  1685 | D:2      | Reached XP level 4. HP: 29/34 MP: 0/7
  1689 | D:2      | Reached skill level 1 in Maces & Flails
  2095 | D:2      | Reached skill level 1 in Fighting
  2357 | D:2      | Noticed Sigmund
  2589 | D:2      | Killed Sigmund
  2589 | D:2      | Reached XP level 5. HP: 33/40 MP: 1/9
  2589 | D:2      | Reached XP level 6. HP: 39/47 MP: 1/10
  2761 | D:2      | Found a hazy altar of Hepliaklqana.
  4305 | D:3      | Found an ancient bone altar of Kikubaaqudgha.
  4404 | D:4      | Noticed Grinder
  4423 | D:4      | Killed Grinder
  4423 | D:4      | Your scales start taking on a dull iron-grey colour.
  4423 | D:4      | Reached XP level 7. HP: 24/53 MP: 0/13
  4423 | D:4      | Gained mutation: You can survive without breathing. [Grey Draconian growth]
  4858 | D:4      | Noticed Edmund
  4876 | D:4      | Killed Edmund
  5189 | D:4      | Noticed Buffagor's ghost (amateur TrMo)
  5262 | D:4      | Killed Buffagor's ghost
  5262 | D:4      | Reached XP level 8. HP: 16/61 MP: 0/15
  5790 | D:4      | Found a runed door.
  5846 | D:4      | Reached skill level 5 in Spellcasting
  5872 | D:4      | Got a warped mace
  5873 | D:4      | Identified the +2 mace "Vunokuuh" {venom, Dex+7} (You found it on level 4 of the Dungeon)
  6058 | D:4      | Noticed Crazy Yiuf
  6063 | D:4      | Killed Crazy Yiuf
  6070 | D:4      | Got an encrusted mace
  6072 | D:4      | Identified the +4 mace of Fedhas's Vengeance {drain, +Inv +Fly rN+++ Dex-3} (You found it on level 4 of the Dungeon)
  6116 | D:5      | Entered Level 5 of the Dungeon
  6129 | D:5      | Reached skill level 5 in Conjurations
  6326 | D:5      | Learned a level 5 spell: Lightning Bolt
  6442 | D:5      | Noticed Pikel
  6471 | D:5      | Killed Pikel
  6471 | D:5      | Reached skill level 5 in Air Magic
  6471 | D:5      | Reached XP level 9. HP: 66/68 MP: 8/17
  6514 | D:5      | Found a snail-covered altar of Cheibriados.
  7204 | D:6      | Found a staircase to the Ecumenical Temple.
  7216 | Temple   | Entered the Ecumenical Temple
  7276 | Temple   | Gained mutation: Your mind is acute. (Int +2) [mutagenic meat]
  7277 | Temple   | Gained mutation: You have supernaturally acute eyesight. (SInv) [mutagenic meat]
  7278 | Temple   | Gained mutation: You have a pair of small antennae on your head. [mutagenic meat]
  7279 | Temple   | Gained mutation: You are somewhat resistant to further mutation. [mutagenic meat]
  7517 | D:6      | Noticed Duvessa
  7517 | D:6      | Noticed Dowan
  7535 | D:6      | Killed Duvessa
  7540 | D:6      | Killed Dowan
  8113 | D:7      | HP: 2/70 [orc priest/divine providence (17)]
  8823 | D:7      | Noticed Joseph
  9385 | D:6      | Slain by Joseph

Vault maps used:
D:1:      dpeg_arrival_shrine
D:2:      marbit_many_paths, serial_forest, infiniplex_forest_end_double,
          infiniplex_forest_lined_ring, infiniplex_forest_clump_double,
          infiniplex_forest_clump_small, infiniplex_forest_clump_curved,
          uniq_sigmund
D:3:      lemuel_coloured_pillars_altar, nrook_mini_backslash,
          minmay_misc_feat_doors, st_stairs_9
D:4:      serial_forest, infiniplex_forest_straight_2,
          infiniplex_forest_clump_double, infiniplex_forest_zigzag_1,
          infiniplex_forest_lined_2, infiniplex_forest_lined_2,
          infiniplex_forest_clump_curved, infiniplex_forest_lined_1,
          infiniplex_forest_lined_room_, first_bread, minmay_misc_feat_square,
          uniq_crazy_yiuf_cottage, uniq_grinder, uniq_edmund
D:5:      cheibrodos_thug_alley, slow_altar_1, grunt_ministairs_4, uniq_pikel
D:6:      minmay_temple_entry_large_hall, uniq_duvessa
D:7:      gammafunk_temple_overflow_statue, kennysheep_mini_moat,
          gammafunk_temple_overflow_elements, serial_shops,
          nicolae_shop_behind_doors, uniq_joseph
Temple:   minmay_temple_bridge_abc

Skill      XL: |  1  2  3  4  5  6  7  8  9 |
---------------+----------------------------+-----
Dodging        | 2 3 4 |  4.6
Maces & Flails | 1 2 4 |  4.4
Fighting       | 1 2 3 |  3.3
Spellcasting   | 3 4 5 6 |  6.3
Conjurations   | 2 3 4 5 6 |  6.1
Air Magic      | 4 3 4 5 |  5.6
Stealth        | 2 3 |  3.2
Unarmed Combat | |  0.2

Action                   |  1- 3 |  4- 6 |  7- 9 || total
-------------------------+-------+-------+-------++-------
Melee: Unarmed           |    34 |       |       ||    34
       Tailslap          |     8 |     8 |    24 ||    40
       Whip              |    67 |    64 |   289 ||   420
       Punch             |       |     1 |       ||     1
       Mace              |       |       |    14 ||    14
 Cast: Shock             |    50 |   139 |   203 ||   392
       Lightning Bolt    |       |       |    12 ||    12
  Use: Scroll            |       |       |     8 ||     8
       Potion            |       |       |     4 ||     4
 Stab: Sleeping          |     1 |       |     1 ||     2
  Eat: Chunk             |     3 |     8 |    19 ||    30
       Fruit             |     1 |       |       ||     1
       Royal jelly       |       |       |     2 ||     2
Armor: Skin              |    42 |    30 |   156 ||   228
Dodge: Dodged            |    85 |    77 |   171 ||   333
